 Dungeon Crawl Stone Soup version 0.27-a0-1324-ge0d8e047f6 (webtiles) character file.

Game seed: 4559679694536489755

330 Alarak the Skirmisher (level 6, -7/60 (61) HPs)
             Began as a Draconian Berserker on June 23, 2021.
             Was a Believer of Trog.
             Mangled by a wight (10 damage)
             ... on level 3 of the Dungeon.
             The game lasted 00:05:51 (2517 turns).

Alarak the Skirmisher (Draconian Berserker)         Turns: 2517, Time: 00:05:51

HP:   -7/60 (61)    AC:  6    Str: 21    XL:     6   Next: 26%
MP:   6/6           EV: 12    Int:  8    God:    Trog [**....]
Gold: 71            SH:  0    Dex: 10    Spells: 5/5 levels left

rFire    . . .     SeeInvis .   k - +5 falchion
rCold    . . .     Faith    .   (no shield)
rNeg     . . .     Spirit   .   (armour unavailable)
rPois    .         Reflect  .   (helmet restricted)
rElec    .         Harm     .   (no cloak)
rCorr    .         Rampage  .   (no gloves)
Will     .....                  (no boots)
Stlth    +.........             b - amulet of magic regeneration
HPRegen  0.20/turn              (no ring)
MPRegen  0.35/turn              (no ring)

@: on berserk cooldown, slowed, lightly drained, very slow
A: AC +6, unfitting armour, cold-blooded
a: Renounce Religion, Berserk, Trog's Hand


You were on level 3 of the Dungeon.
You worshipped Trog.
Trog was pleased with you.
You visited 1 branch of the dungeon, and saw 3 of its levels.

You collected 71 gold pieces.

Inventory:

Hand Weapons
 a - a +0 hand axe
 k - a +5 falchion (weapon)
Jewellery
 b - an amulet of magic regeneration (around neck)
Scrolls
 c - a scroll of amnesia {unknown}
Potions
 d - a potion of berserk rage
 f - a potion of resistance
 g - a potion of haste {unknown}
 h - a potion of curing {unknown}


   Skills:
 + Level 7.8 Fighting
 - Level 3.0 Axes
 - Level 2.6 Dodging


You had 5 spell levels left.
You didn't know any spells.
Your spell library was empty.

Dungeon Overview and Level Annotations

Branches:
Dungeon (3/15)

Altars:
Ru
Trog
Yredelemnul


Innate Abilities, Weirdness & Mutations

Your plain brown scales are hard. (AC +6)
You cannot fit into any form of body armour.
You are cold-blooded and may be slowed by cold attacks.


Message History

You kill the adder!
Trog accepts your kill.
A wight comes into view. It is wielding a +4 halberd.
An orc comes into view. It is wielding a +0 dagger.
You are no longer berserk.
You pass out from exhaustion.
You feel yourself slow down.
The orc shouts!
The wight hits you from afar with a +4 halberd.
You feel drained. The endoplasm hits you.
The wight hits you but does no damage.
The endoplasm hits you but does no damage.
The orc curses loudly.
The wight barely misses you.
You can move again.
Things that are here:
a +0 dagger; a goblin corpse You hit the endoplasm.
You tail-slap the endoplasm.
You kill the endoplasm!
Trog accepts your kill. The wight misses you.
The wight hits you from afar with a +4 halberd.
Things that are here:
a +0 club; a +0 flail; a +0 leather armour You hit the orc.
You kill the orc!
Trog accepts your kill. The wight closely misses you.
The wight hits you with a +4 halberd!
Items here: ))) [.
You are too injured to fight recklessly!
You hit the wight but do no damage. The wight hits you with a +4 halberd!
* * * LOW HITPOINT WARNING * * *
The wight hits you with a +4 halberd!
* * * LOW HITPOINT WARNING * * *
You hit the wight but do no damage. The wight misses you. x2
You hit the wight.
Your tail-slap misses the wight.
The wight is moderately damaged.
The wight hits you with a +4 halberd!
You die...

.#..# ...................._)
#.#........####.###..........
# ##.##.#...###.# #.#._..8...
#.#.#.#.#.#.###.#....†...
............##.#........
#.#.#.#.#.###......_...
......)....##........#.
#.#.#.#)#.#.#....####..#.
.......z@....##...# #....
#.#.#.#†#.#.#.....# #....
.......>..###..# #.#.#.#.#.##
..# ............. ..#
#.#.#.#.#.#.#.. ... #
#.###.######## .## . #..


You could see a wight.

Vanquished Creatures
  4 wights (D:3)
  A hound skeleton (D:2)
  7 gnolls
  3 adders
  2 dart slugs
  2 orcs (D:3)
  A ball python (D:1)
  3 bats
  3 endoplasms
  A giant cockroach (D:2)
  4 goblins
  5 hobgoblins
  7 jackals
  10 kobolds
  2 quokkas
  2 frilled lizards
  4 rats
61 creatures vanquished.

Vanquished Creatures (others)
  A plant (D:3)
1 creature vanquished.

Grand Total: 62 creatures vanquished

Notes
Turn   | Place    | Note
-------+----------+-------------------------------------------
     0 | D:1      | Alarak the Draconian Berserker began the quest for the Orb.
     0 | D:1      | Reached XP level 1. HP: 19/19 MP: 1/1
   205 | D:1      | Reached XP level 2. HP: 20/27 MP: 2/2
   207 | D:1      | Reached skill level 4 in Fighting
   826 | D:2      | Reached XP level 3. HP: 22/35 MP: 3/3
  1091 | D:2      | Found a faded altar of an unknown god.
  1128 | D:2      | Reached ** piety under Trog
  1133 | D:2      | Reached skill level 5 in Fighting
  1142 | D:2      | Reached XP level 4. HP: 42/42 MP: 4/4
  1905 | D:3      | Reached skill level 6 in Fighting
  1905 | D:3      | Reached XP level 5. HP: 51/51 MP: 5/5
  2184 | D:3      | Reached skill level 7 in Fighting
  2326 | D:3      | Found a sacrificial altar of Ru.
  2332 | D:3      | Found a bloodstained altar of Trog.
  2333 | D:3      | Found a basalt altar of Yredelemnul.
  2500 | D:3      | Reached XP level 6. HP: 60/60 MP: 6/6
  2515 | D:3      | HP: 2/60 [wight (14)]
  2517 | D:3      | Mangled by a wight

Illustrated notes

Levels and vault maps discovered:
D:1:      dpeg_arrival_ternary, layout_basic, minmay_split_cup_small
D:2:      layout_basic, shapermc_ecumenical_altar_starsandcircs
D:3:      layout_loops_ring, lemuel_zombie_altar_kikubaaqudgha,
          grunt_temple_overflow_open, st_stairs_11, serial_bayou_pond_b

Skill      XL: |  1  2  3  4  5 |
---------------+----------------+-----
Fighting       | 4 5 6 7 |  7.8
Axes           | |  3.0
Dodging        | |  2.6

Action                   |  1- 3 |  4- 6 || total
-------------------------+-------+-------++-------
Melee: Hand axe          |    87 |    33 ||   120
       Tailslap          |     5 |    11 ||    16
       Falchion          |       |    38 ||    38
Invok: Berserk           |     1 |     3 ||     4
  Use: Scroll            |       |     5 ||     5
 Stab: Sleeping          |       |     1 ||     1
Armor: Skin              |    16 |    17 ||    33
Dodge: Dodged            |    66 |    38 ||   104
       Rpst.: Falchion   |       |     6 ||     6

Table legend: (Time is in decaauts)
 A = Elapsed time spent in this place.
 B = Non-inter-level travel time spent in this place.
 C = Inter-level travel time spent in this place.
 D = Time resting spent in this place.
 E = Time spent auto-exploring this place.
 F = Levels seen in this place.
 G = Mean time per level.
                   A        B        C        D        E       F      G
               +--------+--------+--------+--------+--------+-----+--------+
         Total |   2568 |   2497 |     71 |    661 |   1504 |   3 |  856.0 |
       Dungeon |   2568 |   2497 |     71 |    661 |   1504 |   3 |  856.0 |
               +--------+--------+--------+--------+--------+-----+--------+

Top non-repeatable levels by time:
     D:2: 1149 daAuts
     D:1: 760 daAuts
     D:3: 659 daAuts
